AoeStats
← MRG621

Arena

508551735Analyzed
4v4 RM · 9d ago on Sep 23, 2026· 41m 44s· 8 players
Game mode
Random Map
Map size
Large (8 player)
Population
200
Speed
Normal
Resources
Standard
Victory
Conquest
Starting age
Dark Age
Ending age
Imperial Age
RankedLock teamsTeams togetherTeam positionsShared explorationLock speedFull tech treeHidden civsTurbo modeCheats
Victory
Defeat
🇺🇸 Magyars · United States
992
+13
🇺🇸 Italians · United States
989
+13
🇲🇽 Huns · Mexico
971
+13
🇺🇸 Danes · United States
967
+14
🇧🇷 Teutons · Brazil
994
-17
🇵🇪 Danes · Peru
918
-13
🇦🇷 Bohemians · Argentina
905
-13
🇺🇸 Danes · United States
839
-10
Paul George
0:37 Loom
11:26 Feudal Age
16:36 Castle Age
14:44 Double-Bit Axe
14:41 Horse Collar
32:33 Wheelbarrow
34:29 Imperial Age
33:12 Masonry
33:16 Forging
33:08 Scale Mail Armor
33:33 Squires
33:20 Gambesons
33:23 Arson
35:08 Bow Saw
35:34 Onager
37:18 Chemistry
37:24 Conscription
37:15 Siege Onager
37:45 Northmen's Fury
40:32 Hand Cart
Yailes<3
9:58 Feudal Age
Wolf-Salomon
5:17 Loom
13:01 Feudal Age
14:20 Wheelbarrow
13:34 Double-Bit Axe
16:05 Horse Collar
21:01 Town Watch
21:24 Fletching
21:45 Forging
24:39 Castle Age
24:30 Scale Mail Armor
24:28 Arson
25:37 Hand Cart
25:40 Bow Saw
25:33 Heavy Plow
27:12 Chemistry
26:11 Murder Holes
26:20 Town Patrol
26:07 Pikeman
27:28 Iron Casting
28:43 Squires
36:19 Imperial Age
34:46 Chain Mail Armor
34:59 Fortified Wall
36:50 Chemistry
36:48 Fervor
38:18 Blast Furnace
37:51 Husbandry
38:02 Scale Barding Armor
marcosprojj
3:29 Loom
12:14 Feudal Age
16:42 Castle Age
16:13 Double-Bit Axe
16:12 Horse Collar
20:45 Heavy Plow
23:32 Gold Mining
30:46 Imperial Age
29:59 Bow Saw
38:48 Scale Mail Armor
38:59 Forging
40:45 Pikeman
42:27 Chemistry
42:01 Squires
MRG621
12:13 Feudal Age
17:29 Castle Age
16:53 Double-Bit Axe
17:02 Stone Mining
17:06 Gold Mining
16:57 Horse Collar
21:00 Wheelbarrow
22:35 Bow Saw
24:40 Gold Shaft Mining
24:55 Heavy Plow
28:18 Loom
28:49 Hand Cart
32:28 Imperial Age
31:00 Forging
30:55 Scale Barding Armor
31:03 Bloodlines
31:02 Husbandry
31:51 Marauders
32:29 Iron Casting
33:09 Chain Barding Armor
32:53 Elite Tarkan
33:57 Conscription
34:53 Two-Man Saw
35:06 Blast Furnace
33:53 Elite Tarkan
34:56 Town Watch
35:49 Plate Barding Armor
35:56 Parthian Tactics
36:53 Town Patrol
37:17 Ballistics
37:58 Chemistry
36:50 Fletching
37:09 Thumb Ring
38:02 Bodkin Arrow
39:49 Bracer
moisttoilet
0:28 Loom
9:58 Feudal Age
10:38 Double-Bit Axe
13:34 Horse Collar
20:08 Castle Age
19:26 Stone Mining
19:29 Gold Mining
21:34 Bow Saw
21:38 Scale Barding Armor
22:53 Wheelbarrow
22:42 Bloodlines
22:43 Husbandry
24:33 Gold Shaft Mining
23:45 Light Cavalry
25:08 Fletching
25:52 Corvinian Army
28:21 Town Watch
30:50 Hand Cart
31:43 Chain Barding Armor
41:00 Imperial Age
38:33 Town Patrol
38:30 Bodkin Arrow
41:09 Hussar
BottleDry
11:47 Feudal Age
13:34 Double-Bit Axe
13:39 Loom
16:06 Castle Age
14:46 Horse Collar
15:15 Gold Mining
17:25 Bow Saw
17:10 Stone Mining
20:56 Heavy Plow
21:42 Wheelbarrow
28:34 Imperial Age
26:43 Scale Mail Armor
26:53 Forging
27:51 Squires
28:00 Gambesons
27:42 Pikeman
28:31 Arson
28:46 Capped Ram
30:52 Iron Casting
30:35 Chain Mail Armor
30:56 Iron Casting
31:21 Hand Cart
30:35 Halberdier
31:21 Man-at-Arms
32:08 Long Swordsman
34:10 Plate Mail Armor
33:14 Two-Handed Swordsman
35:08 Town Watch
34:50 Crossbowman
35:36 Thumb Ring
37:09 Padded Archer Armor
37:06 Fletching
38:27 Blast Furnace
38:43 Ballistics
38:33 Bodkin Arrow
39:28 Leather Archer Armor
41:05 Chemistry
41:18 Bracer
Achilles333
9:30 Feudal Age
11:13 Double-Bit Axe
13:44 Castle Age
16:07 Stone Mining
20:01 Horse Collar
20:52 Bow Saw
20:53 Gold Mining
22:16 Heavy Plow
26:35 Imperial Age
24:58 Wheelbarrow
24:08 Loom
25:14 Stone Shaft Mining
26:39 Hand Cart
26:53 Hand Cart
27:04 Ballistics
28:26 Chemistry
28:05 Elite Genoese Crossbowman
29:10 Conscription
28:19 Elite Genoese Crossbowman
30:03 Thumb Ring
29:51 Fletching
30:02 Padded Archer Armor
31:26 Bodkin Arrow
33:39 Two-Man Saw
33:10 Crop Rotation
33:30 Silk Road
34:39 Bracer
34:54 Leather Archer Armor
36:01 Caravan
Connection lost

Rejoining the realm…

Still unreachable

The connection could not be restored.

Session expired

The server has moved on; the page needs a fresh start.